 Dungeon Crawl Stone Soup version 0.30-a0-949-g53dc5368d7 (webtiles) character file.

Game seed: 17252786708928939636

2762 Querens the Blocker (level 10, 0/80 HPs)
             Began as a Formicid Fighter on Mar 27, 2023.
             Was a Follower of Okawaru.
             Slain by a killer bee (4 damage)
             ... on level 8 of the Dungeon.
             The game lasted 00:13:22 (4114 turns).

Querens the Blocker (Formicid Fighter)              Turns: 4114, Time: 00:13:22

Health: 0/80       AC: 11    Str: 26    XL:     10   Next: 0%
Magic:  19/19      EV:  9    Int:  7    God:    Okawaru [*.....]
Gold:   277        SH:  0    Dex: 13    Spells: 9/9 levels left

rFire   . . .      SeeInvis +    a - +0 war axe
rCold   + + +      Faith    .    c - +0 buckler
rNeg    . . .      Spirit   .    B - +3 scale mail of Resilience {-Tele rElec rC+++ MP+9}
rPois   .          Reflect  +    (helmet unavailable)
rElec   +          Rampage  .    (no cloak)
rCorr   .                        (no gloves)
Will    +....                    (no boots) Stlth
                                 l - amulet of reflection
HPRegen 0.33/turn                (no ring)
MPRegen 0.16/turn                (no ring)

@: confused, lethally poisoned (0 -> -2), ambrosia-drunk
A: permanent stasis, dig shafts and tunnels, antennae 3, four strong arms
a: Dig, Shaft Self, Renounce Religion, Heroism


You were on level 8 of the Dungeon.
You worshipped Okawaru.
Okawaru was aware of your devotion.
You visited 2 branches of the dungeon, and saw 9 of its levels.

You collected 277 gold pieces.

Inventory:

Hand Weapons
 a - a +0 war axe (weapon)
Armour
 c - a +0 buckler (worn)
 j - a +2 robe of the Archmagi
 o - a +2 scale mail of cold resistance
 B - the +3 scale mail of Resilience (worn) {-Tele rElec rC+++ MP+9}
   (You found it on level 8 of the Dungeon)

   rC:        It renders you almost immune to cold.
   rElec:     It insulates you from electricity.
   MP:        It affects your magic capacity (+9).
   -Tele:     It prevents most forms of teleportation.
Jewellery
 i - a ring of fire
 l - an amulet of reflection (around neck)
 w - an amulet of magic regeneration
Wands
 x - a wand of digging (6)
Scrolls
 h - a scroll of amnesia {unknown}
 k - 3 scrolls of teleportation {unknown}
 m - 2 scrolls of poison {unknown}
 n - 2 scrolls of magic mapping {unknown}
 q - a scroll of enchant weapon {unknown}
 r - a scroll of fear {unknown}
 u - 3 scrolls of immolation {unknown}
 v - 2 scrolls of noise {unknown}
 y - a scroll of vulnerability {unknown}
Potions
 b - 2 potions of lignification
 d - a potion of might
 e - 2 potions of flight
 f - a potion of magic {unknown}
 g - 4 potions of mutation
 p - a potion of attraction {unknown}
 s - a potion of ambrosia
 t - a potion of berserk rage {unknown}
 z - a potion of heal wounds
 A - a potion of degeneration {unknown}


   Skills:
 + Level 7.9 Fighting
 + Level 6.7 Axes
 + Level 7.8 Armour
 + Level 9.4 Shields


You had 9 spell levels left.
You didn't know any spells.
Your spell library contained the following spells:

 Spells                   Type           Power      Damage    Failure   Level
 Beastly Appendage        Tmut           0%         N/A       75%         1
 Freeze                   Ice            0%         1d3       75%         1
 Wereblood                Tmut           0%         N/A       86%         2
 Frozen Ramparts          Ice            0%         1d1       98%         3
 Hailstorm                Conj/Ice       0%         3d3       98%         3
 Ignite Poison            Fire/Tmut/Pois 0%         N/A       98%         3
 Spider Form              Tmut/Pois      0%         N/A       98%         3
 Sticky Flame             Conj/Fire      0%         2d3       100%        4
 Ignition                 Fire           0%         3d3       100%        8


Dungeon Overview and Level Annotations

Branches:
Dungeon (8/15)             Temple (1/1) D:6
   Lair: D:8-11

Altars:
Cheibriados
Dithmenos
Elyvilon
Fedhas
Gozag
Hepliaklqana
Kikubaaqudgha
Makhleb
Nemelex Xobeh
Okawaru
Qazlal
Ru
Sif Muna
Trog
Uskayaw
Vehumet
Wu Jian
Xom
Yredelemnul
Zin
The Shining One

Annotations:
D:5 3 runed translucent doors, ouz's ghost, novice DjFE
D:7 Maggie
D:8 2 transporters, pzskc383's ghost, novice GrFi


Innate Abilities, Weirdness & Mutations

You cannot be hasted, slowed, berserked, paralysed or teleported.
You can dig through walls and to a lower floor.
You have a pair of large antennae on your head. (SInv)
Your four strong arms can wield two-handed weapons with a shield.


Message History

You are no longer poisoned.
The killer bee stings you but does no damage.
You block the killer bee's attack.
You barely miss the killer bee.
The killer bee is almost dead.
The killer bee stings you but does no damage.
You block the killer bee's attack.
The killer bee stings you but does no damage.
You closely miss the killer bee.
The killer bee is almost dead.
You block the killer bee's attack. x2
You miss the killer bee.
The killer bee is almost dead.
You block the killer bee's attack.
The killer bee stings you but does no damage.
You closely miss the killer bee.
The killer bee is almost dead.
You block the killer bee's attack. x2; The killer bee stings you.
* * * LOW HITPOINT WARNING * * *
You barely miss the killer bee.
The killer bee is almost dead.
You block the killer bee's attack. The killer bee stings you!
* * * LOW HITPOINT WARNING * * *
You closely miss the killer bee.
The killer bee is almost dead.
The killer bee barely misses you. The killer bee stings you.
* * * LOW HITPOINT WARNING * * *
You are lethally poisoned!
The killer bee poisons you! You block the killer bee's attack.
You are confused.
You feel invigorated.
You feel sick. The killer bee stings you.
* * * LOW HITPOINT WARNING * * *
The killer bee closely misses you.
You feel sick. The killer bee stings you.
* * * LOW HITPOINT WARNING * * *
The killer bee barely misses you.
You feel sick.
The killer bee stings you but does no damage.
The killer bee stings you.
You die...

.. ##.## #.
.##.... #. ......
.. ..... #. ##...
#. .y. #. #c# #.
#y# #. #@# #. #.#
#########.
#.#######.........
#.........#######.
########### #. ##


You could see a centaur and 2 killer bees.

Vanquished Creatures
  Pikel (D:6)
  Sigmund (D:3)
  Edmund (D:5)
  2 water moccasins
  3 ogres
  A centaur (D:7)
  2 phantoms
  3 bullfrogs
  4 scorpions
  2 killer bees (D:8)
  2 howler monkeys
  6 hounds
  2 jellies
  An orc priest (D:6)
  2 sleepcaps
  Jessica (D:3)
  3 iguanas (D:5)
  An orc wizard (D:5)
  Robin (D:3)
  3 gnolls (D:4)
  6 adders
  A shadow imp (D:6)
  An ufetubus (D:5)
  3 worms
  10 orcs
  7 ball pythons
  2 bats
  7 endoplasms
  A giant cockroach (D:1)
  13 goblins (D:3)
  5 hobgoblins
  4 jackals (D:1)
  3 kobolds
  3 quokkas
  3 frilled lizards
  2 rats (D:2)
113 creatures vanquished.

Vanquished Creatures (others)
  A water moccasin (D:7)
  A hound (D:7)
2 creatures vanquished.

Grand Total: 115 creatures vanquished

Notes
Turn   | Place    | Note
-------+----------+-------------------------------------------
     0 | D:1      | Querens the Formicid Fighter began the quest for the Orb.
     0 | D:1      | Reached XP level 1. HP: 18/18 MP: 1/1
    39 | D:1      | Reached XP level 2. HP: 8/24 MP: 2/2
    50 | D:1      | Found a faded altar of an unknown god.
   364 | D:2      | Reached XP level 3. HP: 27/29 MP: 3/3
   778 | D:2      | Found a shadowy altar of Dithmenos.
   997 | D:2      | Reached XP level 4. HP: 37/37 MP: 4/4
  1085 | D:3      | Found a burning altar of Makhleb.
  1122 | D:3      | Found a stormy altar of Qazlal.
  1183 | D:3      | Found a hazy altar of Hepliaklqana.
  1204 | D:3      | Noticed Robin
  1234 | D:3      | Killed Robin
  1235 | D:3      | Reached skill level 5 in Shields
  1287 | D:3      | Noticed Sigmund
  1334 | D:3      | Killed Sigmund
  1335 | D:3      | Reached XP level 5. HP: 35/43 MP: 5/5
  1335 | D:3      | Reached XP level 6. HP: 40/49 MP: 6/6
  1551 | D:3      | Noticed Jessica
  1560 | D:3      | Killed Jessica
  1775 | D:4      | Reached skill level 5 in Fighting
  1775 | D:4      | Reached skill level 6 in Shields
  1775 | D:4      | Reached XP level 7. HP: 51/56 MP: 7/7
  1790 | D:4      | Reached skill level 5 in Armour
  2048 | D:5      | Entered Level 5 of the Dungeon
  2191 | D:5      | Noticed a water moccasin
  2216 | D:5      | Reached XP level 8. HP: 9/63 MP: 8/8
  2276 | D:5      | Found a runed translucent gate.
  2277 | D:5      | Found a runed translucent gate.
  2302 | D:5      | Reached skill level 7 in Shields
  2474 | D:5      | Noticed ouz's ghost (novice DjFE)
  2494 | D:5      | Found a runed translucent gate.
  2518 | D:5      | Found a blossoming altar of Fedhas.
  2556 | D:5      | Reached skill level 5 in Axes
  2585 | D:5      | Noticed Edmund
  2608 | D:5      | Killed Edmund
  2654 | D:5      | Found a glowing golden altar of the Shining One.
  2999 | D:6      | Reached skill level 8 in Shields
  2999 | D:6      | Reached XP level 9. HP: 44/71 MP: 9/9
  3108 | D:6      | Found a staircase to the Ecumenical Temple.
  3120 | Temple   | Entered the Ecumenical Temple
  3184 | Temple   | Became a worshipper of Warmaster Okawaru
  3459 | D:6      | Found an ancient bone altar of Kikubaaqudgha.
  3512 | D:7      | Noticed Pikel
  3548 | D:6      | Killed Pikel
  3549 | D:6      | Reached skill level 9 in Shields
  3567 | D:7      | Noticed Maggie
  3580 | D:6      | Reached * piety under Okawaru
  3901 | D:8      | Found a transporter.
  3927 | D:8      | Noticed pzskc383's ghost (novice GrFi)
  3945 | D:8      | Found a transporter.
  4030 | D:8      | Identified the +3 scale mail of Resilience {-Tele rElec
                  | rC+++ MP+9}
  4083 | D:8      | Reached XP level 10. HP: 53/80 MP: 10/10
  4110 | D:8      | HP: 4/80 [killer bee (8)]
  4114 | D:8      | Slain by a killer bee

Illustrated notes

Levels and vault maps discovered:
D:1:      co_arrival_two_rings, layout_rooms,
          hellmonk_ecumenical_altar_leap_of_faith, nicolae_wormholes
D:2:      layout_basic, basic_altar
D:3:      layout_basic, bloody_makhleb, mainiacjoe_overflow_small_starburst,
          amcnicky_altar_gilded, uniq_robin, uniq_jessica, uniq_sigmund
D:4:      layout_loops_cross
D:5:      layout_basic, mainiacjoe_overflow_catwalk_spiral, gammafunk_ghost_icy,
          grunt_tough_drop, uniq_edmund
D:6:      layout_gridville, kennysheep_little_box, temple_hall,
          minmay_misc_feat_five
D:7:      layout_cave_pools, david_defended_altar_orc, uniq_crazy_yiuf_cottage,
          uniq_pikel, uniq_maggie
D:8:      layout_loops_ring, lemuel_round_altar, lair_entry_dummy,
          gammafunk_ghost_arena
Temple:   eino_wide_crystal_templ

Skill      XL: |  1  2  3  4  5  6  7  8  9 |
---------------+----------------------------+-----
Fighting       | 4 5 6 7 |  7.9
Armour         | 4 5 6 7 |  7.8
Shields        | 5 6 8 9 |  9.4
Axes           | 3 4 5 6 |  6.7

Action                     |  1- 3 |  4- 6 |  7- 9 | 10-12 || total
---------------------------+-------+-------+-------+-------++-------
  Melee: War axe           |    70 |    87 |   281 |    29 ||   467
    Use: Potion            |       |     3 |     3 |     1 ||     7
         Scroll            |       |       |     5 |       ||     5
 Armour: Scale mail        |    34 |    58 |   142 |    21 ||   255
  Dodge: Dodged            |    37 |    39 |   136 |    14 ||   226
  Block: Buckler           |    36 |    59 |   201 |    28 ||   324
         Reflection        |       |       |     4 |       ||     4

Table legend: (Time is in decaauts)
 A = Elapsed time spent in this place.
 B = Non-inter-level travel time spent in this place.
 C = Inter-level travel time spent in this place.
 D = Time resting spent in this place.
 E = Time spent auto-exploring this place.
 F = Levels seen in this place.
 G = Mean time per level.
                   A        B        C        D        E       F      G
               +--------+--------+--------+--------+--------+-----+--------+
         Total |   4256 |   3936 |    320 |    186 |      0 |   9 |  472.9 |
       Dungeon |   4179 |   3881 |    298 |    186 |      0 |   8 |  522.4 |
        Temple |     76 |     54 |     22 |      0 |      0 |   1 |   76.0 |
               +--------+--------+--------+--------+--------+-----+--------+

Top non-repeatable levels by time:
     D:5: 929 daAuts
     D:6: 783 daAuts
     D:2: 741 daAuts
     D:3: 584 daAuts
     D:4: 479 daAuts
     D:1: 314 daAuts
     D:8: 303 daAuts
  Temple: 76 daAuts
     D:7: 43 daAuts
